 Dungeon Crawl Stone Soup version 0.29.0-13-gc9e81de378 (webtiles) character file.

Game seed: 8411818409061207463

12 Ofeo the Firebug (level 2, -2/20 HPs)
             Began as a Meteoran Fire Elementalist on Sept 9, 2022.
             Slain by an orc
             ... wielding a +0 mace
              (7 damage)
             ... on level 3 of the Dungeon.
             The game lasted 00:03:17 (292 turns).

Ofeo the Firebug (Meteoran Fire Elementalist)        Turns: 292, Time: 00:03:18

Health: -2/20      AC:  2    Str:  9    XL:     2   Next: 64%
Magic:  0/6        EV: 12    Int: 16    God:
Gold:   1          SH:  0    Dex: 14    Spells: 3/6 levels left

rFire   . . .      SeeInvis .   (no weapon)
rCold   . . .      Faith    .   (no shield)
rNeg    . . .      Spirit   .   a - +0 robe
rPois   .          Reflect  .   (no helmet)
rElec   .          Harm     .   (no cloak)
rCorr   .          Rampage  .   (no gloves)
Will    .....                   (no boots)
Stlth   +.........              (no amulet)
HPRegen 0.06/turn               (no ring)
MPRegen 0.10/turn               (no ring)

@: glowing
A: sense surroundings 1, otherworldly, glowing, explore regen
a: no special abilities


You were on level 3 of the Dungeon.
You visited 1 branch of the dungeon, and saw 3 of its levels.

You collected 1 gold pieces.

Inventory:

Armour
 a - a +0 robe (worn)
Scrolls
 g - 2 scrolls of identify {unknown}
Potions
 b - a potion of magic
 c - a potion of curing {unknown}
 d - a potion of attraction {unknown}


   Skills:
 + Level 2.7 Dodging
 + Level 1.6 Stealth
 + Level 2.9 Spellcasting
 + Level 1.6 Conjurations
 + Level 3.8 Fire Magic


You had 3 spell levels left.
You knew the following spells:

 Your Spells              Type           Power      Damage    Failure   Level
a - Scorch                Fire           28%        2d6       6%          2
b - Foxfire               Conj/Fire      44%        2x1d6     6%          1

Your spell library contained the following spells:

 Spells                   Type           Power      Damage    Failure   Level
 Conjure Flame            Conj/Fire      11%        6-21      19%         3
 Inner Flame              Hex/Fire       8%         N/A       26%         3
 Flame Wave               Conj/Fire      11%        2d6       52%         4


Dungeon Overview and Level Annotations

Branches:
Dungeon (3/15) Zot: 1508

Altars:

Annotations:
D:3 Jessica


Innate Abilities, Weirdness & Mutations

You passively map a small area around you.
You are easily found by Zot.
You glow in the dark.
You regain HP and MP as you explore.


Message History

Confirm with . or Enter, or press ? or * to list all spells.
Okay, then.
The orc attacks as you move away! The orc barely misses you.
A kobold comes into view. It is wielding a +0 short sword.
The kobold shouts!
Found a bronze wand.
Casting: Foxfire (safe; 6% risk of failure)
Confirm with . or Enter, or press ? or * to list all spells.
You conjure some foxfire!
The orc hits you with a +0 mace.
You take 3 damage, and have 17/20 hp.
You now have 0/6 mp.
Your foxfire dissipates!
The foxfire hits the kobold.
You kill the kobold!
The orc barely misses you. The orc misses you.
Your magical contamination has completely faded away.
There is a stone staircase leading up here.
Found a stone staircase leading up.
You see here 9 gold pieces.
Found a book of Blood.
Found an escape hatch in the ceiling.
The orc attacks as you move away! The orc misses you.
Found 6 stones.
Jessica looks very angry.
Casting: Foxfire (safe; 6% risk of failure)
Confirm with . or Enter, or press ? or * to list all spells.
You conjure some foxfire!
The orc hits you with a +0 mace!
Jessica very coldly says, "I hate your company."
You take 7 damage, and have 11/20 hp.
MASSIVE DAMAGE!!
You now have 1/6 mp.
Your foxfire dissipates!
The foxfire hits the orc.
The orc is almost dead.
Casting: Foxfire (safe; 6% risk of failure)
Confirm with . or Enter, or press ? or * to list all spells.
You conjure some foxfire!
The orc closely misses you.
You now have 0/6 mp.
Jessica attacks as you move away! Jessica hits you with a +0 club.
* * * LOW HITPOINT WARNING * * *
The orc attacks as you move away! The orc hits you with a +0 mace!
You die...

*#....# ... .
###.####.##.#
* *
#......†....#
*
#...........#
,
#....<......#
#....$.....##
, *
#.........##
* #..@ov...##
* *
#...@...##
#...v...#
#.......# * ,
* #.......# ,
* ....<#...#
* ,
#####<...:#
## ..(# ...#~
, ~


You could see Jessica and an orc (ally target).

Vanquished Creatures
  An endoplasm (D:2)
  A giant cockroach (D:2)
  2 goblins (D:1)
  A hobgoblin (D:1)
  A quokka (D:1)
  2 ball pythons
  A frilled lizard (D:1)
  A kobold (D:3)
  A rat (D:3)
11 creatures vanquished.

Vanquished Creatures (others)
  20 foxfires
20 creatures vanquished.

Grand Total: 31 creatures vanquished

Notes
Turn   | Place    | Note
-------+----------+-------------------------------------------
     0 | D:1      | Ofeo the Meteoran Fire Elementalist began the quest for the
                  | Orb.
     0 | D:1      | Reached XP level 1. HP: 14/14 MP: 5/5
   133 | D:1      | Reached XP level 2. HP: 6/20 MP: 1/6
   217 | D:2      | Learned a level 2 spell: Scorch
   273 | D:3      | Noticed Jessica
   292 | D:3      | Slain by an orc

Illustrated notes

Levels and vault maps discovered:
D:1:      onia_arrival_mini_maze_b, layout_basic, serial_aquarium,
          aquarium_bridge_square [aquarium_subvault_bridge,
          aquarium_subvault_wall, aquarium_subvault_bridge,
          aquarium_subvault_bridge], aquarium_bridge_square
          [aquarium_subvault_window, aquarium_subvault_balcony,
          aquarium_subvault_bridge, aquarium_subvault_bridge],
          aquarium_window_fake, aquarium_window_2, aquarium_window_corridor_3,
          aquarium_window_fake, aquarium_view_2b, aquarium_balcony_3a,
          minmay_misc_feat_ornament, serial_park_tiny_pond
D:2:      layout_basic, serial_aquarium, aquarium_bridge_straight
          [aquarium_subvault_bridge, aquarium_subvault_wall,
          aquarium_subvault_bridge, aquarium_subvault_wall],
          aquarium_window_fake, aquarium_window_fake, aquarium_window_fake,
          aquarium_window_2, aquarium_view_2f, aquarium_pool_2,
          serial_park_tiny_2, minmay_crystal_room, st_stairs_13, minivault_4
D:3:      layout_rooms, kennysheep_cluttered_room, nicolae_grassy_gnolls,
          uniq_jessica

Action                   || total
-------------------------++-------
Melee: Unarmed           ||     2
 Cast: Foxfire           ||    16
       Scorch            ||     4
  Use: Scroll            ||     3
Armor: Robe              ||     2
Dodge: Dodged            ||     8
